 Dungeon Crawl Stone Soup version 0.30-a0-830-gfe289a77b0 (webtiles) character file.

Game seed: 15440612444722562094

728 cforsyth the Sneak (level 8, -3/48 HPs)
             Began as a Kobold Brigand on Feb 28, 2023.
             Slain by a scorpion (5 damage)
             ... on level 5 of the Dungeon.
             The game lasted 00:04:48 (4257 turns).

cforsyth the Sneak (Kobold Brigand)                 Turns: 4257, Time: 00:04:48

Health: -3/48      AC:  3    Str:  8    XL:     8   Next: 3%
Magic:  8/8        EV: 17    Int: 12    God:
Gold:   350        SH:  0    Dex: 19    Spells: 7/7 levels left

rFire   . . .      SeeInvis .    a - +2 dagger
rCold   . . .      Faith    .    (no shield)
rNeg    . . .      Spirit   .    b - +0 robe
rPois   .          Reflect  .    (no helmet)
rElec   .          Harm     .    c - +0 cloak
rCorr   .          Rampage  .    (no gloves)
Will    .....                    (no boots)
Stlth   +++++                    (no amulet)
HPRegen 0.28/turn                (no ring)
MPRegen 0.11/turn                (no ring)

@: lethally poisoned (-3 -> -10), hasted, very quick
A: small, no large weapons, nightstalker 3
a: no special abilities


You were on level 5 of the Dungeon.
You visited 1 branch of the dungeon, and saw 5 of its levels.

You collected 350 gold pieces.

Inventory:

Hand Weapons
 a - a +2 dagger (weapon)
Missiles
 d - 12 poisoned darts (quivered)
 e - 3 curare-tipped darts
Armour
 b - a +0 robe (worn)
 c - a +0 cloak (worn)
Jewellery
 p - a ring of positive energy
 s - a +4 ring of protection
Wands
 u - a wand of light (12)
Scrolls
 f - a scroll of fog {unknown}
 g - 5 scrolls of identify
 h - 3 scrolls of amnesia {unknown}
 i - a scroll of vulnerability
 j - 2 scrolls of noise {unknown}
 k - 3 scrolls of brand weapon {unknown}
 l - a scroll of immolation {unknown}
 m - a scroll of silence {unknown}
 n - a scroll of enchant weapon {unknown}
 q - a scroll of acquirement {unknown}
 r - a scroll of teleportation {unknown}


   Skills:
 + Level 4.9 Fighting
 + Level 6.0 Short Blades
 - Level 2.1 Throwing
 + Level 4.9 Dodging
 + Level 7.9 Stealth


You had 7 spell levels left.
You didn't know any spells.
Your spell library contained the following spells:

 Spells                   Type           Power      Damage    Failure   Level
 Magic Dart               Conj           0%         1d3       32%         1
 Necrotise                Necr           0%         1d4       32%         1
 Searing Ray              Conj           0%         2d4       45%         2
 Sublimation of Blood     Necr           0%         N/A       45%         2
 Wereblood                Tmut           0%         N/A       45%         2
 Vampiric Draining        Necr           0%         2d6       69%         3
 Fulminant Prism          Conj/Hex       0%         3d5       97%         4
 Agony                    Necr           0%         N/A       100%        5
 Summon Hydra             Summ           0%         N/A       100%        7


Dungeon Overview and Level Annotations

Branches:
Dungeon (5/15)
 Temple: D:4-7

Altars:
Nemelex Xobeh

Annotations:
D:4 1 transporter


Innate Abilities, Weirdness & Mutations

You are small and have problems with some larger weapons.
You are completely attuned to the shadows.


Message History

You punch the scorpion, but do no damage.
You feel sick. The scorpion closely misses you.
You hit the scorpion.
The scorpion is lightly wounded.
You feel sick.
You hit the scorpion but do no damage.
The scorpion is lightly wounded.
You feel sick. The scorpion barely misses you.
You hit the scorpion.
The scorpion is moderately wounded.
The scorpion completely misses you.
You closely miss the scorpion.
The scorpion is moderately wounded.
You feel sick. The scorpion closely misses you.
You hit the scorpion but do no damage.
The scorpion is moderately wounded.
You feel sick. The scorpion closely misses you.
You completely miss the scorpion.
The scorpion is moderately wounded.
You feel sick. The scorpion stings you.
* * * LOW HITPOINT WARNING * * *
You barely miss the scorpion.
The scorpion is moderately wounded.
The scorpion closely misses you.
Okay, then.
As you read the scroll labelled AMEW ZOHAETOCA, it crumbles to dust.
It is a scroll of identify.
i - a scroll of vulnerability You feel sick.
You are no longer poisoned.
The scorpion stings you.
* * * LOW HITPOINT WARNING * * *
You are lethally poisoned!
The scorpion poisons you!
Okay, then.
You feel yourself speed up.
* * * LOW HITPOINT WARNING * * *
You feel very sick. The scorpion stings you.
You die...

.....# .. ..so... ..
#####.. .....o.
#..##..#... .....o#
.#.....).>.. .....<#
..#..........#..@#..
##...#
.............#..s....
#†..#
..............#......
##..#
.........##.........#
####
...........#..##.....
..............# ....
.............##
..........>..###.
.......##.........


You could see a scorpion.

Vanquished Creatures
  A black bear (D:4)
  An ogre (D:5)
  A lemure (D:4)
  A necrophage (D:4)
  2 scorpions (D:4)
  2 jellies
  A hound (D:3)
  2 orc priests
  2 iguanas
  An orc wizard (D:5)
  8 adders
  2 worms
  4 dart slugs
  6 orcs
  2 bats (D:2)
  7 endoplasms
  3 giant cockroaches (D:1)
  4 goblins
  3 hobgoblins
  2 jackals (D:1)
  3 quokkas
  7 ball pythons
  3 frilled lizards
  5 kobolds
  2 rats (D:1)
75 creatures vanquished.

Vanquished Creatures (others)
  5 toadstools (D:4)
5 creatures vanquished.

Grand Total: 80 creatures vanquished

Notes
Turn   | Place    | Note
-------+----------+-------------------------------------------
     0 | D:1      | cforsyth the Kobold Brigand began the quest for the Orb.
     0 | D:1      | Reached XP level 1. HP: 12/12 MP: 1/1
   128 | D:1      | Reached XP level 2. HP: 18/18 MP: 2/2
   542 | D:1      | Reached XP level 3. HP: 22/22 MP: 3/3
  1121 | D:2      | Reached XP level 4. HP: 24/27 MP: 4/4
  1234 | D:2      | Identified the +0 scale mail of Shadows and Fog {rC+}
  1301 | D:2      | Reached skill level 6 in Stealth
  1834 | D:3      | Reached XP level 5. HP: 32/32 MP: 5/5
  2444 | D:4      | Noticed a black bear
  2476 | D:4      | Killed a black bear
  2477 | D:4      | Reached XP level 6. HP: 15/38 MP: 6/6
  2919 | D:5      | Entered Level 5 of the Dungeon
  3232 | D:5      | Reached skill level 5 in Short Blades
  3232 | D:5      | Reached skill level 7 in Stealth
  3371 | D:5      | Noticed an ogre
  3550 | D:4      | Reached XP level 7. HP: 43/43 MP: 7/7
  3927 | D:4      | Found a sparkling altar of Nemelex Xobeh.
  3928 | D:4      | Found a transporter.
  4240 | D:5      | Reached XP level 8. HP: 26/48 MP: 8/8
  4257 | D:5      | HP: 2/48 [poisoned by a scorpion]
  4257 | D:5      | Slain by a scorpion

Illustrated notes

Levels and vault maps discovered:
D:1:      dpeg_arrival_windows_large_door, layout_rooms,
          dreamdust_princess_corridor, roderic_lattice_a, kennysheep_nondescript
D:2:      layout_rooms
D:3:      layout_rooms, minmay_quadrilaterals
D:4:      layout_basic, grunt_nemelex_the_gamble, minmay_gold_behind_fungi,
          uniq_pikel
D:5:      layout_cave_pools, minmay_temple_entry_hall

Skill      XL: |  1  2  3  4  5  6  7 |
---------------+----------------------+-----
Short Blades   | 3 4 5 6 |  6.0
Dodging        | 2 3 4 |  4.9
Fighting       | 3 4 |  4.9
Stealth        | 6 7 |  7.9
Throwing       | |  2.1

Action                     |  1- 3 |  4- 6 |  7- 9 || total
---------------------------+-------+-------+-------++-------
  Melee: Dagger            |    64 |   173 |   100 ||   337
         Punch             |       |     1 |     5 ||     6
    Use: Potion            |       |     6 |     1 ||     7
         Scroll            |       |       |     1 ||     1
   Stab: Sleeping          |    17 |    10 |     7 ||    34
         Distracted        |       |       |     1 ||     1
 Armour: Robe              |    13 |    12 |     2 ||    27
         Skin              |       |    55 |       ||    55
  Dodge: Dodged            |    23 |    83 |    61 ||   167

Table legend: (Time is in decaauts)
 A = Elapsed time spent in this place.
 B = Non-inter-level travel time spent in this place.
 C = Inter-level travel time spent in this place.
 D = Time resting spent in this place.
 E = Time spent auto-exploring this place.
 F = Levels seen in this place.
 G = Mean time per level.
                   A        B        C        D        E       F      G
               +--------+--------+--------+--------+--------+-----+--------+
         Total |   4163 |   4068 |     95 |   1013 |   2448 |   5 |  832.6 |
       Dungeon |   4163 |   4068 |     95 |   1013 |   2448 |   5 |  832.6 |
               +--------+--------+--------+--------+--------+-----+--------+

Top non-repeatable levels by time:
     D:4: 1255 daAuts
     D:3: 1004 daAuts
     D:1: 730 daAuts
     D:2: 639 daAuts
     D:5: 533 daAuts
